 Dungeon Crawl Stone Soup version 0.24.0-2-g5b39cebb1c (webtiles) character file.

Game seed: 13809263330570494012, levelgen mode: deterministic

1739 MTVSty1e the Fighter (level 8, 0/115 HPs)
             Began as a White Draconian Transmuter on Oct 29, 2019.
             Was an Initiate of Gozag.
             Killed by divine providence
             ... invoked by an orc priest
              (13 damage)
             ... on level 6 of the Dungeon.
             The game lasted 00:15:09 (6286 turns).

MTVSty1e the Fighter (White Draconian Transmuter)   Turns: 6286, Time: 00:15:09

Health: 0/115      AC:  6    Str: 22    XL:     8   Next: 77%
Magic:  3/3        EV: 12    Int: 13    God:    Gozag
Gold:   556        SH:  0    Dex: 16    Spells: 7/11 levels left

rFire    . . .     SeeInvis .   r - +5 hand axe of Nudu {antimagic, rElec rN+ Dex+4 Stlth+}
rCold    + + .     Gourm    .   (no shield)
rNeg     + . .     Faith    .   (armour unavailable)
rPois    .         Spirit   .   (helmet restricted)
rElec    +         Reflect  .   h - scarf {cloud immunity}
rCorr    .         Harm     .   (no gloves)
MR       .....                  (no boots)
Stlth    ..........             (no amulet)
HPRegen  0.29/turn              j - ring of protection from cold
MPRegen  0.08/turn              t - +2 ring of strength

@: berserking, gold aura, very quick
A: breathe frost, unfitting armour, cold resistance 1, cold-blooded, AC +6
a: Breathe Frost, Potion Petition, Call Merchant, Bribe Branch, Renounce
Religion


You were on level 6 of the Dungeon.
You worshipped Gozag.
Gozag was pleased with you.
You were not hungry.

You visited 2 branches of the dungeon, and saw 7 of its levels.

You collected 638 gold pieces.
You paid 82 gold pieces to Gozag.

Inventory:

Hand Weapons
 f - a +3 dagger of draining
 o - a +4 dagger
 r - the +5 hand axe of Nudu (weapon) {antimagic, rElec rN+ Dex+4 Stlth+}
   (You found it on level 5 of the Dungeon)

   It reduces the magical energy of the wielder, and disrupts the spells and
   magical abilities of those hit.
   Natural abilities and divine invocations are not affected.
   It affects your dexterity (+4).
   It insulates you from electricity.
   It protects you from negative energy.
   It makes you more stealthy.
 s - a cursed -2 short sword
Missiles
 a - 19 arrows
Armour
 h - a scarf of cloud immunity (worn)
Jewellery
 j - a ring of protection from cold (left hand)
 k - an uncursed ring of wizardry
 t - a +2 ring of strength (right hand)
 x - an uncursed ring of magical power
Wands
 q - a wand of disintegration (4)
 v - a wand of enslavement (5)
Scrolls
 b - a scroll of fear
 e - a scroll of identify
 i - 3 scrolls of remove curse
 n - a scroll of magic mapping
 y - a scroll of teleportation
 z - a scroll of enchant weapon
Potions
 g - 3 potions of flight
 l - 4 potions of curing
 m - a potion of haste
 u - a potion of agility {unknown}
 w - a potion of mutation {unknown}
Comestibles
 c - a ration


   Skills:
 * Level 8.8 Fighting
 + Level 2.9 Axes
 - Level 1.7 Dodging
 - Level 5.3 Unarmed Combat
 - Level 2.0 Spellcasting
 + Level 5.9 Transmutations


You had 7 spell levels left.
You knew the following spells:

 Your Spells              Type           Power        Failure   Level  Hunger
b - Ice Form              Ice/Tmut       #.......     58%         4    #####..

Your spell library contained the following spells:

 Spells                   Type           Power        Failure   Level  Hunger
 Beastly Appendage        Tmut           ###...       2%          1    ##.....
 Sticks to Snakes         Tmut           ###.....     3%          2    ###....
 Spider Form              Tmut/Pois      #.........   22%         3    ####...
 Confusing Touch          Hex            #.....       26%         1    ##.....
 Blade Hands              Tmut           ###.......   52%         5    ######.
 Confuse                  Hex            #.......     58%         3    ####...
 Gell's Gravitas          Tloc           #.........   58%         3    ####...
 Petrify                  Tmut/Erth      #.......     58%         4    #####..
 Yara's Violent Unravell  Hex/Tmut       #.........   91%         5    ######.
 Metabolic Englaciation   Hex/Ice        #.........   100%        5    ######.


Dungeon Overview and Level Annotations

Branches:
Dungeon (6/15)             Temple (1/1) D:4

Altars:
Cheibriados
Dithmenos
Elyvilon
Fedhas
Gozag
Hepliaklqana
Kikubaaqudgha
Makhleb
Nemelex Xobeh
Okawaru
Qazlal
Ru
Trog
Uskayaw
Vehumet
Wu Jian
Xom
Yredelemnul
Zin
The Shining One


Innate Abilities, Weirdness & Mutations

You can breathe waves of freezing cold.
You can buffet flying creatures when you breathe cold.
Your icy white scales are hard. (AC +6)
You cannot fit into any form of body armour.
Your flesh is cold resistant. (rC+)
You are cold-blooded and may be slowed by cold attacks.


Message History

The orc priest looks encouraged for a moment.
The orc warrior hits you with a +0 short sword.
* * * LOW HITPOINT WARNING * * *
You slash the orc warrior!
The orc warrior is severely wounded.
The orc priest looks braver for a moment.
The orc warrior hits you with a +0 short sword!
* * * LOW HITPOINT WARNING * * *
You closely miss the orc warrior.
The orc warrior is severely wounded.
The orc warrior hits you with a +0 short sword!
* * * LOW HITPOINT WARNING * * *
You barely miss the orc warrior.
The orc warrior is severely wounded.
You slash the orc warrior!
You kill the orc warrior!
The orc priest invokes the aid of Beogh against you.
Beogh smites you!
You die...
Your body crumbles into a pile of gold.

.#......#.# #......#
#........ .#......#.#
#.####.# #.......#
.########.# #....#<#
#....#+##
...######'#######(#.###.#..#
##.#.............>#........#
#.#.......#######..o...#..#
#.#.......# ###.######..#
##.#.......# #....# .#
...######### #@#..# .. ####
....####$#..# .# #.....o#..#
.# #...)..##### ........+
##......# #......# #.......
#.......


You could see an orc priest and an orc wizard.

Vanquished Creatures
  Grinder (D:5)
  An orc warrior (D:6)
  3 ogres
  A centaur (D:5)
  2 bullfrogs (D:6)
  3 wights (D:6)
  3 howler monkeys (D:4)
  A crimson imp (D:5)
  2 jellies
  An orc priest (D:4)
  2 hounds (D:5)
  A centaur skeleton (D:4)
  4 orc wizards
  2 bullfrog skeletons
  2 iguanas
  4 worker ants
  A hound skeleton (D:5)
  8 adders
  An ooze (D:2)
  2 adder skeletons
  4 worms
  3 dart slugs
  2 leopard geckos
  21 orcs
  2 giant cockroaches
  6 hobgoblins
  16 jackals
  A quokka (D:2)
  A ball python (D:5)
  5 bats
  7 frilled lizards
  9 goblins
  4 kobolds
  A leopard gecko zombie (D:5)
  4 rats
131 creatures vanquished.

Notes
Turn   | Place    | Note
-------+----------+-------------------------------------------
     0 | D:1      | MTVSty1e the Draconian Transmuter began the quest for the
                  | Orb.
     0 | D:1      | Reached XP level 1. HP: 16/16 MP: 3/3
   507 | D:1      | Reached XP level 2. HP: 16/24 MP: 5/5
   731 | D:1      | Reached skill level 2 in Fighting
  1150 | D:2      | Reached XP level 3. HP: 28/30 MP: 6/6
  1261 | D:2      | Found a white marble altar of Elyvilon.
  1261 | D:2      | Found a glowing golden altar of the Shining One.
  1261 | D:2      | Found a glowing silver altar of Zin.
  1592 | D:2      | Found a hide-covered altar of Uskayaw.
  1592 | D:2      | Found a shadowy altar of Dithmenos.
  1729 | D:2      | Reached skill level 3 in Fighting
  2012 | D:3      | Reached XP level 4. HP: 26/38 MP: 5/7
  2323 | D:3      | Noticed a two-headed ogre
  2443 | D:3      | Found a shimmering altar of Xom.
  2443 | D:3      | Found a shimmering altar of Xom.
  2443 | D:3      | Found a shimmering altar of Xom.
  2444 | D:3      | Found a shimmering altar of Xom.
  2446 | D:3      | Found a shimmering altar of Xom.
  2447 | D:3      | Found a shimmering altar of Xom.
  2861 | D:3      | Reached XP level 5. HP: 22/46 MP: 8/8
  3037 | D:4      | Noticed an ogre
  3058 | D:4      | Killed an ogre
  3058 | D:4      | Reached skill level 4 in Fighting
  3068 | D:4      | Reached XP level 6. HP: 11/53 MP: 7/9
  3438 | D:4      | Reached skill level 5 in Fighting
  3601 | D:4      | Learned a level 4 spell: Ice Form
  3692 | D:4      | Found a staircase to the Ecumenical Temple.
  3740 | Temple   | Entered the Ecumenical Temple
  3975 | Temple   | Became a worshipper of Gozag Ym Sagoz the Greedy
  4023 | D:4      | Found a hazy altar of Hepliaklqana.
  4105 | D:4      | Your scales start taking on an icy white colour.
  4105 | D:4      | Reached XP level 7. HP: 57/62 MP: 10/10
  4105 | D:4      | Gained mutation: Your flesh is cold resistant. (rC+) [White
                  | Draconian growth]
  4431 | D:4      | Found a sacrificial altar of Ru.
  4606 | D:5      | Entered Level 5 of the Dungeon
  4645 | D:5      | Reached skill level 6 in Fighting
  4661 | D:5      | Noticed Grinder
  4671 | D:5      | Killed Grinder
  4671 | D:5      | Reached skill level 5 in Unarmed Combat
  4913 | D:5      | Reached skill level 7 in Fighting
  4993 | D:5      | Identified the +5 hand axe of Nudu {antimagic, rElec rN+
                  | Dex+4 Stlth+} (You found it on level 5 of the Dungeon)
  5082 | D:5      | Reached skill level 5 in Transmutations
  5082 | D:5      | Reached XP level 8. HP: 73/73 MP: 3/11
  5309 | D:5      | Found a basalt altar of Yredelemnul.
  5433 | D:5      | Reached skill level 1 in Axes
  5829 | D:6      | Reached skill level 8 in Fighting
  6286 | D:6      | Killed from afar by an orc priest

Levels and vault maps discovered:
D:1:      ebering_trefoil_3fold, layout_basic, hex_intersection,
          minmay_liquid_box
D:2:      layout_rooms, good_gods_mini_temple, gammafunk_temple_overflow_wave
D:3:      layout_rooms, xom_redecorated, first_ration,
          kennysheep_generic_room_13
D:4:      layout_rooms, kennysheep_mini_moat, temple_pool_b,
          nicolae_ru_the_path_less_chosen
D:5:      layout_basic, yredelemnul_altar_generic, uniq_grinder
D:6:      minmay_chambers_of_sixes, layout_basic
Temple:   nicolae_temple_hex_pool

Skill      XL: |  1  2  3  4  5  6  7  8 |
---------------+-------------------------+-----
Fighting       | 2 3 4 5 7 8 |  8.8
Transmutations | 3 4 5 |  5.9
Unarmed Combat | 4 5 |  5.3
Axes           | 2 |  2.9
Dodging        | |  1.7
Spellcasting   | |  2.0

Action                   |  1- 3 |  4- 6 |  7- 9 || total
-------------------------+-------+-------+-------++-------
Melee: Short sword       |    88 |       |       ||    88
       Unarmed           |    10 |       |     8 ||    18
       Tailslap          |    15 |    18 |    26 ||    59
       Headbutt          |     3 |     3 |       ||     6
       Punch             |     1 |     4 |     6 ||    11
       Dagger            |    41 |   163 |   104 ||   308
       Kick              |       |     5 |       ||     5
       Hand axe          |       |       |    90 ||    90
 Cast: Beastly Appendage |     4 |     4 |       ||     8
       Ice Form          |       |       |     1 ||     1
Invok: Potion Petition   |       |       |     1 ||     1
 Abil: Breathe Frost     |       |       |     2 ||     2
Evoke: Wand              |       |     3 |       ||     3
  Use: Scroll            |     7 |     7 |     4 ||    18
       Potion            |       |       |     2 ||     2
 Stab: Sleeping          |       |       |     5 ||     5
  Eat: Chunk             |     3 |       |       ||     3
       Ration            |       |     2 |     3 ||     5
Armor: Skin              |    45 |    49 |    51 ||   145
Dodge: Dodged            |    92 |   107 |    97 ||   296
